 Dungeon Crawl Stone Soup version 0.31.0-32-g396128a36d (webtiles) character file.

Game seed: 241384057826796730

283 Pumpkin69 the Trooper (level 6, -4/46 HPs)
             Began as an Octopode Fighter on Mar 10, 2024.
             Slain by an orc
             ... wielding a +0 hand axe
              (7 damage)
             ... on level 3 of the Dungeon.
             The game lasted 00:05:01 (1998 turns).

Pumpkin69 the Trooper (Octopode Fighter)            Turns: 1998, Time: 00:05:02

Health: -4/46      AC:  1    Str: 17    XL:     6   Next: 28%
Magic:  6/6        EV: 13    Int: 11    God:
Gold:   153        SH:  8    Dex: 11    Spells: 5/5 levels left

rFire   . . .        a - +0 trident
rCold   . . .        b - +0 buckler
rNeg    . . .        (helmet restricted)
rPois   .            (no amulet)
rElec   .            (no ring)
rCorr   .            (no ring)
SInv    .            (no ring)
Will    .....        (no ring)
Stlth   +++          (no ring)
HPRegen 0.27/turn    (no ring)
MPRegen 0.10/turn    (no ring)
                     (no ring)

%: no passive effects
@: no status effects
A: almost no armour, amphibious, 8 rings, camouflage 1, gelatinous body 1,
(nimble swimmer 1), tentacles, large bone plates 1, MP-powered wands
a: no special abilities


You were on level 3 of the Dungeon.
You visited 1 branch of the dungeon, and saw 4 of its levels.

You collected 153 gold pieces.

Inventory:

Hand Weapons
 a - a +0 trident (weapon)
Armour
 b - a +0 buckler (worn)
Scrolls
 e - 2 scrolls of teleportation {unknown}
 g - a scroll of enchant weapon {unknown}
 k - a scroll of blinking {unknown}
 l - a scroll of fog {unknown}
 m - a scroll of noise {unknown}
Potions
 c - 2 potions of might
 d - 2 potions of mutation
 f - 3 potions of haste
 h - a potion of enlightenment


   Skills:
 + Level 6.1 Fighting
 - Level 2.0 Polearms
 - Level 3.0 Dodging
 - Level 4.0 Stealth
 - Level 3.0 Shields


You had 5 spell levels left.
You didn't know any spells.
Your spell library contained the following spells:

 Spells                   Type           Power      Damage    Failure   Level
 Magic Dart               Conj           0%         1d3       41%         1
 Blink                    Tloc           0%         N/A       56%         2
 Cigotuvi's Dreadful Rot  Necr/Alch/Air  0%         N/A       56%         2
 Lesser Beckoning         Tloc           0%         N/A       56%         2
 Momentum Strike          Conj/Tloc      0%         3d8       56%         2
 Searing Ray              Conj           0%         2d4       56%         2
 Inner Flame              Hex/Fire       0%         N/A       80%         3
 Fulminant Prism          Conj/Alch      0%         3d5       99%         4
 Ignite Poison            Fire/Alch      0%         N/A       99%         4
 Freezing Cloud           Conj/Ice/Air   0%         6-21      100%        5
 Irradiate                Conj/Alch      0%         3d11      100%        5
 Ignition                 Fire           0%         3d3       100%        8


Dungeon Overview and Level Annotations

Branches:
Dungeon (4/15)
 Temple: D:4-7

Altars:


Innate Abilities, Weirdness & Mutations

You cannot wear most types of armour.
You are amphibious.
You can wear up to eight rings at the same time.
Your skin changes colour to match your surroundings (Stealth+).
Your rubbery body absorbs attacks. (AC +1, EV +1)
((You are camouflaged when in or above water. (Stealth+)))
You have tentacles for arms and can constrict up to eight enemies at once.
You are partially covered in large bone plates. (SH +4)
You expend magic power (3 MP) to strengthen your wands.


Message History

The orc priest casts a cantrip, but nothing happens.
The orc priest mumbles some strange prayers to Beogh against you.
Beogh smites you!
* * * LOW HITPOINT WARNING * * *
There is a stone staircase leading up here.
You climb upwards.
There is a stone staircase leading down here.
You start resting.
HP restored.
You climb downwards.
The orc priest begins to cast a cantrip, but forgets the words!
There is a stone staircase leading up here.
The orc priest looks satisfied for a moment.
The orc misses you.
There is a stone staircase leading up here.
The orc priest mumbles some strange prayers to Beogh against you.
Beogh smites you!
The orc priest calls down the wrath of Beogh upon you.
Beogh smites you! The orc misses you.
You climb upwards.
There is a stone staircase leading down here.
You hit the orc priest but do no damage.
You grab the orc priest. You squeeze the orc priest.
The orc priest is moderately wounded.
You constrict the orc priest, but do no damage.
The orc priest closely misses you. The orc hits you with a +0 hand axe.
You are too injured to fight recklessly!
You hit the orc priest.
The orc priest is heavily wounded.
You constrict the orc priest. You block the orc priest's attack.
The orc hits you with a +0 hand axe.
The orc priest mumbles some strange prayers to Beogh against you.
Pain shoots through your body!
* * * LOW HITPOINT WARNING * * *
Okay, then.
The air fills with toxic fumes!
As you read the scroll labelled CEEGOI ISO KOM, it crumbles to dust.
It was a scroll of poison.
You constrict the orc priest. The orc hits you with a +0 hand axe!
You die...

####......#.........########
# #......#§#######.#..# #
###### #......#§# #.#..# #
.....########+##§# #.#..# #
####...#.§§.#.§§§# #.#..# #
.........§§§###§§# #.#..# #
.........§§§§§#§§# #.#..# #
.......#....#§§§o#
#.#..#####
.......#....##§o@#
#.#.......
.......#....######
#.##.##### .......#....#
#....# .......###### ######
########


You could see an orc priest and an orc.

Vanquished Creatures
  Sigmund (D:3)
  An iguana (D:4)
  3 adders
  2 ribbon worms
  3 dart slugs
  An orc (D:4)
  5 ball pythons
  4 bats
  3 endoplasms
  A giant cockroach (D:3)
  6 goblins
  7 hobgoblins
  2 jackals (D:3)
  A quokka (D:2)
  2 frilled lizards
  7 kobolds
  3 rats
52 creatures vanquished.

Notes
Turn   | Place    | Note
-------+----------+-------------------------------------------
     0 | D:1      | Pumpkin69 the Octopode Fighter began the quest for the Orb.
     0 | D:1      | Reached XP level 1. HP: 16/16 MP: 1/1
    59 | D:1      | Reached skill level 1 in Stealth
   269 | D:1      | Reached XP level 2. HP: 21/21 MP: 2/2
   607 | D:2      | Reached XP level 3. HP: 25/26 MP: 3/3
   943 | D:2      | Reached XP level 4. HP: 26/33 MP: 4/4
  1161 | D:3      | Gained mutation: You are partially covered in large bone
                  | plates. (SH +4) [potion of mutation]
  1161 | D:3      | Gained mutation: You are dopey. (Int -2) [potion of
                  | mutation]
  1161 | D:3      | Lost mutation: You are dopey. (Int -2) [potion of mutation]
  1161 | D:3      | Gained mutation: You expend magic power (3 MP) to
                  | strengthen your wands. [potion of mutation]
  1307 | D:3      | Found the +5 robe of Night {Dark Will+ SInv}
  1310 | D:3      | Noticed Sigmund
  1319 | D:3      | Killed Sigmund
  1320 | D:3      | Reached skill level 5 in Fighting
  1320 | D:3      | Reached XP level 5. HP: 41/41 MP: 5/5
  1383 | D:3      | Reached XP level 6. HP: 46/46 MP: 6/6
  1667 | D:4      | Reached skill level 6 in Fighting
  1998 | D:3      | Slain by an orc

Illustrated notes

Levels and vault maps discovered:
D:1:      dpeg_arrival_connections, layout_loops_ring
D:2:      layout_rooms, nrook_campfire, minmay_misc_feat_five
D:3:      layout_basic, small_statue_intersection, uniq_sigmund
D:4:      layout_cave_pools, minmay_temple_entry_purple_smoke,
          grunt_decor_resistance, amcnicky_mini_corridor_feature,
          uniq_eustachio, uniq_natasha

Skill      XL: |  1  2  3  4  5  6 |
---------------+-------------------+-----
Stealth        | 2 4 |  4.0
Fighting       | 5 6 |  6.1
Polearms       | |  2.0
Dodging        | |  3.0
Shields        | |  3.0

Action                     |  1- 3 |  4- 6 || total
---------------------------+-------+-------++-------
  Melee: Trident           |    68 |    43 ||   111
         Constrict         |    12 |     8 ||    20
         Tentacles         |     4 |     6 ||    10
    Use: Potion            |       |     4 ||     4
         Scroll            |       |     3 ||     3
   Stab: Sleeping          |    11 |     5 ||    16
 Armour: Skin              |    18 |    19 ||    37
  Dodge: Dodged            |    32 |    21 ||    53
  Block: Buckler           |    13 |    16 ||    29
